 Dungeon Crawl Stone Soup version 0.31-a0-1074-g0b22e4e0f1 (webtiles) character file.

Game seed: 804081396527904513

691 Strat the Sneak (level 7, -4/41 HPs)
             Began as an Octopode Enchanter on Dec 7, 2023.
             Was an Initiate of Vehumet.
             Slain by Prince Ribbit (19 damage)
             ... on level 5 of the Dungeon.
             The game lasted 00:10:23 (4349 turns).

Strat the Sneak (Octopode Enchanter)                Turns: 4349, Time: 00:10:23

Health: -4/41      AC:  1    Str:  7    XL:     7   Next: 63%
Magic:  4/10       EV: 13    Int: 20    God:    Vehumet [......]
Gold:   747        SH:  0    Dex: 12    Spells: 5/10 levels left

rFire   . . .        a - +1 dagger
rCold   . . .        (no shield)
rNeg    . . .        (helmet restricted)
rPois   .            (no amulet)
rElec   .            (no ring)
rCorr   .            (no ring)
SInv    .            (no ring)
Will    .....        (no ring)
Stlth   +++++        (no ring)
HPRegen 0.26/turn    (no ring)
MPRegen 0.12/turn    (no ring)
                     (no ring)

%: no passive effects
@: confusing by touch
A: almost no armour, amphibious, 8 rings, camouflage 1, gelatinous body 1,
(nimble swimmer 1), tentacles
a: Renounce Religion


You were on level 5 of the Dungeon.
You worshipped Vehumet.
Vehumet was noncommittal.
You visited 2 branches of the dungeon, and saw 6 of its levels.

You collected 802 gold pieces.
You spent 55 gold pieces at shops.

Inventory:

Hand Weapons
 a - a +1 dagger (weapon)
Missiles
 h - 6 poisoned darts
Jewellery
 n - a ring of fire
Wands
 l - a wand of roots (12)
Scrolls
 c - a scroll of enchant weapon {unknown}
 o - 2 scrolls of teleportation
Potions
 b - a potion of invisibility
 d - a potion of brilliance
 e - a potion of enlightenment
 g - a potion of heal wounds
 k - a potion of lignification
 m - a potion of mutation


   Skills:
 + Level 4.2 Short Blades
 - Level 2.0 Dodging
 + Level 7.9 Stealth
 - Level 2.0 Spellcasting
 + Level 5.8 Hexes


You had 5 spell levels left.
You knew the following spells:

 Your Spells              Type           Power      Damage    Failure   Level
a - Ensorcelled Hibernat  Hex/Ice        26%        N/A       8%          2
b - Confusing Touch       Hex            25%        N/A       4%          3

Your spell library contained the following spells:

 Spells                   Type           Power      Damage    Failure   Level
 Tukima's Dance           Hex            25%        N/A       4%          3
 Dazzling Flash           Conj/Hex       26%        N/A       14%         3
 Lesser Beckoning         Tloc           4%         N/A       24%         2
 Poisonous Vapours        Pois/Air       4%         N/A       24%         2
 Gell's Gravitas          Tloc           2%         N/A       43%         3
 Mephitic Cloud           Conj/Pois/Air  2%         N/A       43%         3
 Teleport Other           Tloc           2%         N/A       43%         3
 Freezing Cloud           Conj/Ice/Air   1%         6-21      99%         5
 Conjure Ball Lightning   Conj/Air       1%         3x3d6     100%        6
 Dispersal                Tloc           1%         N/A       100%        6
 Discord                  Hex            12%        N/A       100%        8
 Disjunction              Tloc           1%         N/A       100%        8


Dungeon Overview and Level Annotations

Branches:
Dungeon (5/15)             Temple (1/1) D:5

Altars:
Ashenzari
Cheibriados
Dithmenos
Elyvilon
Fedhas
Gozag
Hepliaklqana
Kikubaaqudgha
Makhleb
Nemelex Xobeh
Qazlal
Ru
Sif Muna
Trog
Uskayaw
Vehumet
Wu Jian
Xom
Yredelemnul
Zin
The Shining One

Shops:
D:1 ?   D:4 *

Annotations:
D:2 Sigmund
D:4 3 runed translucent doors, olddryhag's ghost, novice DsHW
D:5 Prince Ribbit


Innate Abilities, Weirdness & Mutations

You cannot wear most types of armour.
You are amphibious.
You can wear up to eight rings at the same time.
Your skin changes colour to match your surroundings (Stealth+).
Your rubbery body absorbs attacks. (AC +1, EV +1)
((You are camouflaged when in or above water. (Stealth+)))
You have tentacles for arms and can constrict up to eight enemies at once.


Message History

Magic restored.
You now have 747 gold pieces (gained 14).
You open the door.
There is an open door here.
You open the door.
Found 5 stones.
Found an embroidered cloak.
You see here a +2 cloak.
Prince Ribbit and 2 orcs come into view.
The orc shouts!
You hear a shout!
Prince Ribbit gives a loud, deep croak!
You hear an angry hiss.
You hear a shout! x2
You hear an angry hiss.
An orc comes into view. It is wielding a +0 club.
The orc moves out of view.
Casting: Ensorcelled Hibernation (safe; 8% risk of failure)
Confirm with . or Enter, or press ? or * to list all spells.
Aiming: Ensorcelled Hibernation (safe; 8% risk of failure)
Press: ? - help, Shift-Dir - straight line, f - Prince Ribbit
Aim: Prince Ribbit (chance to affect: 29%) Prince Ribbit easily resists.
Prince Ribbit blinks!
Casting: Ensorcelled Hibernation (safe; 8% risk of failure)
Confirm with . or Enter, or press ? or * to list all spells.
Aiming: Ensorcelled Hibernation (safe; 8% risk of failure)
Press: ? - help, Shift-Dir - straight line, f/p - Prince Ribbit
Aim: Prince Ribbit (chance to affect: 29%) Prince Ribbit easily resists.
Prince Ribbit blinks!
Casting: Ensorcelled Hibernation (safe; 8% risk of failure)
Confirm with . or Enter, or press ? or * to list all spells.
Your tentacles begin to glow red.
Prince Ribbit barely misses you.
You barely miss Prince Ribbit. Your grab misses Prince Ribbit.
Prince Ribbit misses you.
You barely miss Prince Ribbit. Your grab misses Prince Ribbit.
Your squeeze misses Prince Ribbit. Prince Ribbit hits you!
You miss Prince Ribbit. Your grab misses Prince Ribbit.
Prince Ribbit hits you!!
* * * LOW HITPOINT WARNING * * *
You closely miss Prince Ribbit. Your grab misses Prince Ribbit.
Prince Ribbit hits you!!
You die...

##... .... .
F#'##.. ......
....# ...
########.#########
#@................
#F######.#########
#.# #(.#........
#.# #.##.#######
#[# #.##.#......
#.# #.#..#.#####
#.# #.#.##.#
#.#####.#.##'####
#.......#.#.....#


You could see Prince Ribbit.

Vanquished Creatures
  A phantom (D:5)
  4 scorpions (D:4)
  2 orc priests (D:4)
  A jelly (D:5)
  A sleepcap (D:5)
  2 iguanas (D:3)
  Natasha (D:2)
  3 orc wizards
  3 adders
  A worm (D:2)
  2 dart slugs
  12 orcs
  8 ball pythons
  7 endoplasms
  4 giant cockroaches
  8 goblins
  4 hobgoblins
  8 jackals
  4 kobolds
  3 quokkas
  8 bats
  2 frilled lizards (D:3)
  4 rats
93 creatures vanquished.

Notes
Turn   | Place    | Note
-------+----------+-------------------------------------------
     0 | D:1      | Strat the Octopode Enchanter began the quest for the Orb.
     0 | D:1      | Reached XP level 1. HP: 11/11 MP: 3/3
   219 | D:1      | Reached XP level 2. HP: 13/17 MP: 5/5
   278 | D:1      | Learned a level 2 spell: Ensorcelled Hibernation
   470 | D:1      | Found Anan's Magic Scroll Emporium.
   815 | D:2      | Reached XP level 3. HP: 21/21 MP: 6/6
   895 | D:2      | Noticed Sigmund
  1008 | D:2      | Found a blossoming altar of Fedhas.
  1077 | D:2      | Learned a level 3 spell: Confusing Touch
  1240 | D:2      | Reached skill level 5 in Stealth
  1318 | D:2      | Noticed Natasha
  1321 | D:2      | Killed Natasha
  1322 | D:2      | Reached XP level 4. HP: 27/27 MP: 7/7
  1567 | D:3      | Found a stormy altar of Qazlal.
  1568 | D:3      | Found a shimmering blue altar of Sif Muna.
  1574 | D:3      | Found a shadowy altar of Dithmenos.
  1606 | D:3      | Found a white marble altar of Elyvilon.
  1902 | D:3      | Reached XP level 5. HP: 28/31 MP: 3/8
  2185 | D:3      | Found a radiant altar of Vehumet.
  2187 | D:3      | Found a stormy altar of Qazlal.
  2187 | D:3      | Found a hide-covered altar of Uskayaw.
  2189 | D:3      | Found a shimmering altar of Xom.
  2189 | D:3      | Found a burning altar of Makhleb.
  2189 | D:3      | Found a shimmering blue altar of Sif Muna.
  2309 | D:3      | Reached skill level 6 in Stealth
  2398 | D:4      | Found Otizi's Gadget Gallery.
  2522 | D:1      | Bought a scroll of teleportation for 33 gold pieces
  2522 | D:1      | Bought a scroll of identify for 22 gold pieces
  2653 | D:4      | Reached XP level 6. HP: 21/36 MP: 4/9
  2941 | D:4      | Reached skill level 5 in Hexes
  3234 | D:4      | Reached skill level 7 in Stealth
  3299 | D:4      | Found a runed translucent gate.
  3299 | D:4      | Found a runed translucent gate.
  3299 | D:4      | Found a runed translucent gate.
  3335 | D:4      | Noticed olddryhag's ghost (novice DsHW)
  3335 | D:4      | Noticed an ice beast
  3391 | D:4      | Reached XP level 7. HP: 41/41 MP: 7/10
  3454 | D:4      | Found an ornate altar of the Wu Jian Council.
  3732 | D:5      | Entered Level 5 of the Dungeon
  3804 | D:5      | Identified a scroll of acquirement
  3804 | D:5      | Acquired 606 gold pieces
  3866 | D:5      | Found a staircase to the Ecumenical Temple.
  3880 | Temple   | Entered the Ecumenical Temple
  3916 | Temple   | Became a worshipper of Vehumet
  4305 | D:5      | Noticed Prince Ribbit
  4349 | D:5      | Slain by Prince Ribbit

Illustrated notes

Levels and vault maps discovered:
D:1:      nzn_arrival_settlement, layout_basic, serial_shops,
          nicolae_shop_temple_entry_statues_fountains, bh_walls_and_bars
D:2:      layout_loops_ring, basic_altar, kennysheep_flooded_box,
          uniq_crazy_yiuf_cottage, uniq_natasha, uniq_sigmund
D:3:      layout_rooms, doesnt_xom_only_xom,
          nicolae_overflow_macrodata_refinement
D:4:      layout_basic, kennysheep_mini, gammafunk_ghost_icy,
          nicolae_shop_gadgets
D:5:      layout_basic, temple_green, uniq_prince_ribbit1
Temple:   bh_familiar_temple

Skill      XL: |  1  2  3  4  5  6  7 |
---------------+----------------------+-----
Hexes          | 4 5 |  5.8
Stealth        | 5 6 7 |  7.9
Short Blades   | 2 3 4 |  4.2
Dodging        | |  2.0
Spellcasting   | |  2.0

Action                     |  1- 3 |  4- 6 |  7- 9 || total
---------------------------+-------+-------+-------++-------
  Melee: Dagger            |    67 |   109 |    30 ||   206
         Constrict         |    13 |    20 |     2 ||    35
         Tentacles         |     8 |    17 |     6 ||    31
         Punch             |       |       |     1 ||     1
   Cast: Ensorcelled Hiber |       |    19 |    11 ||    30
         Confusing Touch   |       |       |     2 ||     2
    Use: Scroll            |       |     4 |     5 ||     9
         Potion            |       |     3 |     1 ||     4
   Stab: Sleeping          |    16 |    22 |     6 ||    44
 Armour: Skin              |    22 |    53 |     9 ||    84
  Dodge: Dodged            |    28 |    80 |    17 ||   125

Table legend: (Time is in decaauts)
 A = Elapsed time spent in this place.
 B = Non-inter-level travel time spent in this place.
 C = Inter-level travel time spent in this place.
 D = Time resting spent in this place.
 E = Time spent auto-exploring this place.
 F = Levels seen in this place.
 G = Mean time per level.
                   A        B        C        D        E       F      G
               +--------+--------+--------+--------+--------+-----+--------+
         Total |   4330 |   4001 |    329 |    480 |   2511 |   6 |  721.7 |
       Dungeon |   4258 |   3998 |    260 |    480 |   2511 |   5 |  851.6 |
        Temple |     71 |      2 |     69 |      0 |      0 |   1 |   71.0 |
               +--------+--------+--------+--------+--------+-----+--------+

Top non-repeatable levels by time:
     D:4: 1087 daAuts
     D:3: 994 daAuts
     D:1: 818 daAuts
     D:2: 817 daAuts
     D:5: 540 daAuts
  Temple: 71 daAuts
